 Dungeon Crawl Stone Soup version 0.28-a0-673-g47fb96b (webtiles) character file.

Game seed: 12881653467144171845

95 Geeful the Skirmisher (level 4, -1/37 HPs)
             Began as a Demonspawn Monk on Oct 17, 2021.
             Slain by a hound (3 damage)
             ... on level 5 of the Dungeon.
             The game lasted 00:06:22 (2670 turns).

Geeful the Skirmisher (Demonspawn Monk)             Turns: 2670, Time: 00:06:23

Health: -1/37      AC:  2    Str: 12    XL:     4   Next: 40%
Magic:  4/4        EV: 13    Int: 11    God:
Gold:   72         SH:  0    Dex: 16    Spells: 3/3 levels left

rFire   . . .      SeeInvis .     - Unarmed
rCold   . . .      Faith    .   (no shield)
rNeg    . . .      Spirit   .   a - +0 robe
rPois   .          Reflect  .   (no helmet)
rElec   .          Harm     .   (no cloak)
rCorr   .          Rampage  .   (no gloves)
Will    .....                   (no boots)
Stlth   ++........              (no amulet)
HPRegen 0.12/turn               (no ring)
MPRegen 0.09/turn               (no ring)

@: about to teleport
A: ignite blood 1
a: no special abilities


You were on level 5 of the Dungeon.
You visited 1 branch of the dungeon, and saw 4 of its levels.

You collected 72 gold pieces.

Inventory:

Missiles
 f - 14 poisoned darts (quivered)
 g - 2 throwing nets
Armour
 a - a +0 robe (worn)
Magical Staves
 d - a staff of cold
Wands
 i - a wand of flame (15)
Scrolls
 c - a scroll of identify {unknown}
 e - a scroll of teleportation
 h - a scroll of noise {unknown}
Potions
 b - a potion of might


   Skills:
 + Level 3.7 Fighting
 + Level 1.5 Armour
 + Level 3.3 Dodging
 - Level 1.7 Stealth
 + Level 3.3 Unarmed Combat


You had 3 spell levels left.
You didn't know any spells.
Your spell library contained the following spells:

 Spells                   Type           Power      Damage    Failure   Level
 Magic Dart               Conj           0%         1d3       34%         1
 Call Imp                 Summ           0%         N/A       47%         2
 Mephitic Cloud           Conj/Pois/Air  0%         N/A       71%         3
 Ozocubu's Armour         Ice            0%         N/A       71%         3
 Ozocubu's Refrigeration  Ice            0%         4d5       100%        7


Dungeon Overview and Level Annotations

Branches:
Dungeon (3/15)

Altars:
Uskayaw

Annotations:
D:1 exclusion: downstairs


Innate Abilities, Weirdness & Mutations

Your demonic aura sometimes causes spilled blood to erupt in flames.


Message History

The hound bites you but does no damage. The hound bites you.
You miss the hound.
The hound is lightly wounded.
The hound misses you.
You closely miss the hound.
The hound is lightly wounded.
The hound barely misses you. The hound bites you.
You completely miss the hound.
The hound is lightly wounded.
The hound bites you.
You closely miss the hound.
The hound is lightly wounded.
The hound closely misses you.
You barely miss the hound.
The hound is lightly wounded.
The hound bites you. x2
The hound bites you.
The hound pauses to sniff the ground.
The hound bites you but does no damage.
You see here a wand of flame (15).
i - a wand of flame (15)
The hound bites you but does no damage. The hound bites you. x2
* * * LOW HITPOINT WARNING * * *
The hound bites you.
* * * LOW HITPOINT WARNING * * *
Found an orc corpse and a gnoll corpse.
Found an iguana corpse.
The hound barely misses you.
An iguana comes into view.
Found an orc corpse and a black bear corpse.
The hound closely misses you. The hound bites you.
* * * LOW HITPOINT WARNING * * *
The bullfrog zombie misses you. The bullfrog zombie hits you.
* * * LOW HITPOINT WARNING * * *
The hound barely misses you.
As you read the scroll labelled PUCUYMN ATHREA, it crumbles to dust.
You feel strangely unstable.
It was a scroll of teleportation.
The hound barely misses you. The hound bites you.
You die...

# #......# #.
.....[.# #.
#......#
#.####.#...#
####......##.######
#.......#..........
#.......#.##.#..###
#.......#.##....#
#..........#@...#
#.......#..#h#..#
#.......#.Z.Z...#
#....####.#####.#
######.......# .#
#....†..# #.†.....#
....._.....
..#.†.....###


You could see a hound and a bullfrog zombie.

Vanquished Creatures
  4 gnolls
  2 adders (D:2)
  A worm (D:2)
  7 bats
  5 endoplasms
  A giant cockroach (D:1)
  5 goblins
  6 hobgoblins
  4 frilled lizards (D:1)
  A kobold (D:2)
  A rat (D:1)
37 creatures vanquished.

Notes
Turn   | Place    | Note
-------+----------+-------------------------------------------
     0 | D:1      | Geeful the Demonspawn Monk began the quest for the Orb.
     0 | D:1      | Reached XP level 1. HP: 18/18 MP: 1/1
   222 | D:1      | Gained mutation: Your demonic aura sometimes causes spilled
                  | blood to erupt in flames. [demonic ancestry]
   222 | D:1      | Reached XP level 2. HP: 20/24 MP: 2/2
   457 | D:1      | Found a faded altar of an unknown god.
  1304 | D:2      | Reached skill level 1 in Armour
  1304 | D:2      | Reached XP level 3. HP: 28/29 MP: 3/3
  2086 | D:2      | Reached XP level 4. HP: 33/36 MP: 4/4
  2636 | D:3      | You fall into a shaft and drop 2 floors!
  2636 | D:5      | Entered Level 5 of the Dungeon
  2642 | D:5      | Found a hide-covered altar of Uskayaw.
  2670 | D:5      | Slain by a hound

Illustrated notes

Levels and vault maps discovered:
D:1:      roderic_crop_circles_arrival_small, layout_basic,
          shapermc_ecumenical_altar_venn
D:2:      layout_basic
D:3:      layout_basic, grunt_dithmenos_smoke, serial_shops, shop
D:5:      layout_loops_cross, nicolae_uskayaw_murder_on_the_dancefloor,
          kiku_gazebo_pond_becter

Skill      XL: |  1  2 |
---------------+-------+-----
Dodging        | 3 |  3.3
Unarmed Combat | 3 |  3.3
Armour         | 1 |  1.5
Fighting       | |  3.7
Stealth        | |  1.7

Action                   |  1- 3 |  4- 6 || total
-------------------------+-------+-------++-------
Melee: Unarmed           |   119 |    14 ||   133
       Punch             |     1 |       ||     1
Throw: Dart              |    10 |    23 ||    33
       Throwing net      |     1 |     2 ||     3
  Use: Scroll            |       |     1 ||     1
 Stab: Sleeping          |     4 |       ||     4
Armor: Robe              |    21 |     4 ||    25
Dodge: Dodged            |    77 |    24 ||   101

Table legend: (Time is in decaauts)
 A = Elapsed time spent in this place.
 B = Non-inter-level travel time spent in this place.
 C = Inter-level travel time spent in this place.
 D = Time resting spent in this place.
 E = Time spent auto-exploring this place.
 F = Levels seen in this place.
 G = Mean time per level.
                   A        B        C        D        E       F      G
               +--------+--------+--------+--------+--------+-----+--------+
         Total |   2662 |   2595 |     67 |      0 |   2118 |   4 |  665.5 |
       Dungeon |   2662 |   2595 |     67 |      0 |   2118 |   4 |  665.5 |
               +--------+--------+--------+--------+--------+-----+--------+

Top non-repeatable levels by time:
     D:1: 1369 daAuts
     D:2: 1179 daAuts
     D:3: 79 daAuts
     D:5: 33 daAuts
